Map: Dusk Towers

Players

State

  • Race: Protoss Protoss
  • League: Grandmaster

Grast - Winner!

  • Race: Protoss Protoss
  • League: Master

VOD

Have the link to the VOD?

Description

Time

  • Played on: Dec. 28, 2015, 11:46 p.m.
  • Length: 14:25
Show
View Real Time Build Order
Export as new Build Order

State Protoss 

Build Orders:  

Get SALT Encoding   

  12  0:01  Probe (Chrono Boost)  
  13  0:11  Probe (Chrono Boost)  
  14  0:18  Pylon  
  14  0:22  Probe (Chrono Boost)  
  15  0:36  Probe (Chrono Boost)  
  15  0:38  Gateway  
  15  0:41  Assimilator  
  16  0:47  Probe (Chrono Boost)  
  17  0:57  Probe (Chrono Boost)  
  18  1:08  Probe (Chrono Boost)  
  20  1:18  Probe (Chrono Boost)  
  20  1:22  Pylon  
  20  1:26  Cybernetics Core  
  20  1:29  Probe (Chrono Boost)  
  21  1:40  Gateway  
  21  1:42  Gateway  
  21  1:43  Probe (Chrono Boost)  
  21  1:45  Assimilator  
  22  1:53  Probe (Chrono Boost)  
  23  2:02  Adept  
  23  2:04  Mothership Core (Chrono Boost)  
  27  2:08  Pylon  
  27  2:10  Warp Gate (Chrono Boost)  
  27  2:24  Probe (Chrono Boost)  
  28  2:33  Stalker x2  
  34  2:38  Stalker  
  34  2:49  Pylon  
  34  2:50  Probe (Chrono Boost)  
  35  3:00  Probe (Chrono Boost)  
  36  3:11  Probe  
  37  3:15  Pylon x2  
  35  3:20  Pylon  
  32  3:41  Stargate  
  32  3:47  Nexus  
  32  3:50  Probe  
  33  4:05  Stalker x2  
  37  4:10  Sentry  
  40  4:19  Stargate  
  40  4:20  Probe  
  40  4:32  Probe  
  40  4:33  Phoenix (Chrono Boost)  
  43  4:43  Pylon  
  43  4:45  Probe  
  44  4:57  Probe, Phoenix (Chrono Boost)  
  47  5:00  Probe  
  48  5:07  Phoenix (Chrono Boost)  
  48  5:09  Probe  
  48  5:12  Probe  
  52  5:14  Assimilator  
  52  5:16  Phoenix (Chrono Boost)  
  52  5:21  Probe  
  53  5:24  Probe  
  53  5:26  Phoenix (Chrono Boost)  
  56  5:33  Probe, Assimilator  
  57  5:37  Probe  
  58  5:45  Probe, Phoenix (Chrono Boost)  
  58  5:49  Probe  
  62  6:02  Stalker x2  
  63  6:04  Stalker  
  63  6:06  Probe x2  
  63  6:18  Probe x2  
  58  6:26  Stalker  
  58  6:30  Probe x2 (Chrono Boost)  
  62  6:38  Robotics Facility  
  62  6:42  Probe x2 (Chrono Boost)  
  64  6:51  Pylon  
  64  6:53  Probe x2 (Chrono Boost)  
  66  7:03  Nexus  
  66  7:07  Pylon  
  66  7:09  Pylon  
  66  7:16  Forge  
  66  7:19  Twilight Council  
  66  7:21  Probe (Chrono Boost)  
  66  7:22  Probe (Chrono Boost)  
  68  7:26  Pylon  
  68  7:29  Observer (Chrono Boost)  
  69  7:31  Probe  
  69  7:33  Probe  
  71  7:41  Probe  
  72  7:46  Probe  
  72  7:49  Protoss Ground Weapons Level 1 (Chrono Boost)  
  67  7:51  Charge (Chrono Boost)  
  73  7:52  Immortal (Chrono Boost)  
  73  7:53  Probe  
  73  7:58  Probe  
  79  8:05  Robotics Facility  
  79  8:06  Gateway  
  79  8:08  Probe  
  79  8:10  Probe  
  81  8:17  Probe, Gateway  
  82  8:20  Probe  
  82  8:22  Probe  
  82  8:28  Mothership Core  
  82  8:30  Pylon  
  82  8:31  Pylon  
  82  8:32  Probe  
  85  8:34  Pylon  
  85  8:36  Immortal (Chrono Boost)  
  87  8:45  Probe  
  87  8:47  Assimilator  
  88  8:51  Assimilator  
  88  8:53  Gateway  
  88  8:56  Templar Archives  
  88  9:00  Probe  
  89  9:03  Immortal (Chrono Boost)  
  93  9:10  Gateway  
  93  9:12  Gateway  
  93  9:21  Immortal (Chrono Boost)  
  97  9:28  Zealot x3  
  103  9:33  Gateway  
  103  9:35  Gateway  
  103  9:37  Protoss Ground Weapons Level 2  
  107  9:46  Immortal (Chrono Boost)  
  105  9:56  Warp Prism (Chrono Boost)  
  105  9:57  Zealot x4  
  113  10:02  Blink (Chrono Boost)  
  113  10:08  High Templar x2  
  113  10:12  Gateway  
  113  10:13  Gateway  
  117  10:19  High Templar  
  117  10:20  High Templar x3  
  125  10:21  Archon  
  125  10:22  Gateway  
  125  10:24  Observer  
  125  10:25  Archon x2  
  126  10:36  Pylon x2  
  126  10:37  Pylon x2  
  126  10:41  Dark Shrine  
  126  10:53  Zealot, High Templar x2  
  126  10:55  Zealot x5  
  142  11:01  Archon  
  138  11:26  Stalker x5  
  138  11:28  Stalker x3  
  154  11:36  High Templar  
  156  11:52  Zealot x6  
  164  11:59  Pylon  
  164  12:00  Pylon  
  120  12:08  Dark Templar  
  120  12:09  Dark Templar x2  
  120  12:10  Dark Templar  
  120  12:15  Dark Templar x2  
  128  12:16  Zealot x4  
  130  12:24  Warp Prism  
  86  12:39  Stalker x4  
  90  12:48  Zealot x7  
  101  13:02  Archon  
  101  13:06  Stalker x4  
  109  13:18  Archon  
  107  13:27  High Templar  
  107  13:28  Zealot x3, High Templar x3  
  107  13:29  Observer  
  107  13:32  Archon x2  
  107  13:33  Stalker x2  
  115  13:41  Zealot x2  
  105  13:49  Zealot x3  
  101  13:56  Zealot x2  
  101  14:01  High Templar x2  
  101  14:02  Zealot  
  105  14:03  Zealot  
  105  14:05  Archon  
  107  14:21  Zealot x7  
Show
View Real Time Build Order
Export as new Build Order

Grast Protoss - Winner!

Build Orders: Nexus First 

Get SALT Encoding   

  12  0:01  Probe (Chrono Boost)  
  13  0:11  Probe (Chrono Boost)  
  14  0:17  Pylon  
  14  0:22  Probe (Chrono Boost)  
  15  0:35  Probe (Chrono Boost)  
  16  0:45  Probe (Chrono Boost)  
  17  0:57  Nexus  
  17  1:06  Gateway  
  17  1:10  Probe (Chrono Boost)  
  18  1:20  Probe (Chrono Boost)  
  18  1:21  Assimilator  
  18  1:23  Assimilator  
  19  1:31  Probe (Chrono Boost)  
  20  1:36  Gateway  
  20  1:41  Probe (Chrono Boost)  
  21  1:52  Probe (Chrono Boost)  
  22  1:54  Cybernetics Core  
  22  2:02  Probe (Chrono Boost)  
  23  2:09  Probe (Chrono Boost)  
  23  2:13  Probe (Chrono Boost)  
  25  2:20  Probe (Chrono Boost)  
  26  2:24  Probe (Chrono Boost)  
  27  2:31  Stalker x2 (Chrono Boost)  
  27  2:34  Warp Gate (Chrono Boost)  
  27  2:35  Mothership Core  
  33  2:47  Pylon  
  33  2:56  Robotics Facility  
  34  3:03  Stalker (Chrono Boost)  
  35  3:11  Stalker (Chrono Boost)  
  36  3:19  Pylon  
  36  3:36  Probe  
  36  3:37  Probe  
  37  3:48  Pylon  
  37  3:49  Sentry (Chrono Boost)  
  37  3:54  Probe  
  40  4:05  Probe  
  40  4:06  Probe  
  42  4:14  Observer (Chrono Boost)  
  44  4:17  Probe  
  44  4:18  Probe (Chrono Boost)  
  45  4:30  Gateway  
  45  4:31  Probe (Chrono Boost)  
  46  4:32  Gateway  
  46  4:35  Twilight Council  
  46  4:37  Zealot  
  48  4:40  Warp Prism  
  50  4:50  Probe (Chrono Boost)  
  50  4:52  Probe (Chrono Boost)  
  52  5:01  Probe (Chrono Boost), Pylon  
  52  5:04  Probe (Chrono Boost)  
  54  5:11  Probe (Chrono Boost)  
  54  5:12  Blink (Chrono Boost)  
  55  5:14  Probe  
  56  5:22  Sentry, Pylon  
  56  5:23  Probe  
  56  5:26  Probe  
  56  5:28  Assimilator  
  60  5:31  Assimilator  
  60  5:35  Probe  
  61  5:38  Probe  
  61  5:40  Forge  
  62  5:47  Probe  
  63  5:53  Probe  
  64  5:59  Probe  
  63  6:05  Stalker  
  63  6:08  Stalker x2  
  57  6:19  Probe x2, Protoss Ground Weapons Level 1 (Chrono Boost)  
  57  6:20  Photon Cannon  
  57  6:24  Photon Cannon  
  55  6:25  Stalker x2  
  55  6:26  Stalker  
  55  6:31  Stalker  
  59  6:33  Probe x2  
  59  6:35  Photon Cannon  
  59  6:36  Photon Cannon  
  59  6:39  Observer  
  61  6:45  Probe x2  
  64  6:50  Sentry  
  66  6:55  Nexus  
  66  6:57  Observer, Pylon  
  66  7:05  Pylon  
  66  7:08  Stalker x3  
  72  7:09  Assimilator  
  72  7:13  Assimilator  
  72  7:14  Probe x2  
  74  7:19  Observer  
  75  7:24  Pylon  
  75  7:26  Probe x2  
  75  7:28  Pylon  
  77  7:38  Observer, Robotics Bay  
  77  7:41  Pylon  
  77  7:42  Probe  
  77  7:43  Probe  
  76  7:55  Probe x2  
  76  7:56  Photon Cannon  
  76  7:58  Photon Cannon  
  78  8:17  Stalker x3  
  84  8:21  Gateway  
  84  8:22  Gateway  
  84  8:24  Gateway  
  81  8:28  Probe x2, Disruptor, Gateway  
  86  8:40  Probe x2  
  87  8:52  Probe x2  
  87  8:55  Probe  
  90  9:04  Probe x2  
  90  9:05  Probe  
  90  9:08  Nexus  
  90  9:09  Disruptor  
  93  9:10  Templar Archives, Pylon  
  93  9:16  Probe x3  
  98  9:19  Protoss Ground Weapons Level 2 (Chrono Boost)  
  99  9:28  Probe x2  
  101  9:33  Robotics Facility  
  101  9:35  Probe  
  102  9:40  Disruptor  
  102  9:45  Probe  
  104  9:46  Probe x2  
  107  9:56  Probe  
  107  9:58  Probe  
  107  9:59  Assimilator  
  109  10:00  High Templar x4  
  109  10:01  High Templar  
  109  10:02  Stalker, High Templar  
  109  10:03  Assimilator  
  109  10:04  Archon x2  
  109  10:05  Archon  
  109  10:06  Pylon  
  123  10:08  Probe  
  123  10:10  Probe  
  123  10:13  Disruptor (Chrono Boost)  
  125  10:14  Stalker  
  125  10:20  Disruptor (Chrono Boost)  
  125  10:21  Pylon  
  133  10:22  Pylon  
  133  10:25  Pylon, Photon Cannon  
  133  10:30  Photon Cannon  
  133  10:36  High Templar  
  133  10:37  High Templar  
  133  10:41  Archon  
  133  10:42  Pylon  
  136  10:43  Adept x3, Pylon  
  136  10:46  Pylon  
  136  10:48  Warp Prism (Chrono Boost)  
  144  10:51  Adept x3  
  150  11:02  Immortal (Chrono Boost)  
  154  11:04  High Templar  
  156  11:15  Adept x5  
  164  11:19  Immortal (Chrono Boost)  
  168  11:30  Adept x2  
  172  11:36  Observer (Chrono Boost)  
  172  11:37  Gateway x2  
  172  11:39  Gateway  
  173  11:42  Gateway x2  
  173  11:43  Gateway  
  173  11:52  Adept x8  
  173  11:53  Observer (Chrono Boost)  
  160  12:13  Stalker x3  
  160  12:14  Stalker x5  
  98  12:38  Adept x5  
  98  12:39  Adept x3  
  104  12:59  Stalker x8  
  120  13:07  Photon Cannon  
  120  13:11  Photon Cannon  
  120  13:14  High Templar x6  
  120  13:18  Archon x3  
  132  13:22  Zealot  
  132  13:27  Stalker x5  
  144  13:37  Adept  
  144  13:38  Adept  
  139  13:45  Stalker  
  139  13:46  Stalker x5  
  135  14:08  Adept x5  
  145  14:17  Adept x4  
Tags
 
Add a new tag
Caveats
  • Supply blocks, unpowered buildings, or Contaminate may cause inaccurate times.
  • Supply counts are checked every 10 seconds.